 Dungeon Crawl Stone Soup version 0.27-a0-732-ga892ba84f6 (webtiles) character file.

Game seed: 13611351080670409459

104 lunkers the Magician (level 4, -1/31 HPs)
             Began as a Djinni Air Elementalist on Mar 24, 2021.
             Killed by their own static electricity (3 damage)
             ... on level 4 of the Dungeon.
             The game lasted 00:02:09 (2189 turns).

lunkers the Magician (Djinni Air Elementalist)      Turns: 2189, Time: 00:02:09

Health: -1/31      AC:  2    Str:  7    XL:     4   Next: 80%
Magic:  0/0        EV: 12    Int: 18    God:
Gold:   40         SH:  0    Dex: 13    Spells: 0/12 levels left

rFire    + + .     SeeInvis .   d - +2 short sword (freeze)
rCold    x . .     Faith    .   (no shield)
rNeg     . . .     Spirit   .   a - +0 robe
rPois    ∞         Reflect  .   (no helmet)
rElec    .         Harm     .   (no cloak)
rCorr    .         Rampage  .   (no gloves)
Will     .....                  (boots unavailable)
Stlth    ++........             (no amulet)
HPRegen  0.10/turn              (no ring)
MPRegen  0.00/turn              (no ring)

@: flying
A: fire resistance 2, cold vulnerability 1, float, innate caster, hp casting,
extra vitality 1
a: no special abilities


You were on level 4 of the Dungeon.
You visited 1 branch of the dungeon, and saw 3 of its levels.

You collected 40 gold pieces.

Inventory:

Hand Weapons
 d - a +2 short sword of freezing (weapon)
Armour
 a - a +0 robe (worn)
Jewellery
 e - a ring of wizardry
Scrolls
 c - a scroll of teleportation {unknown}
 f - a scroll of enchant weapon {unknown}
Potions
 b - a potion of haste {unknown}


   Skills:
 + Level 0.1 Fighting
 - Level 2.2 Dodging
 - Level 1.6 Stealth
 + Level 4.5 Spellcasting


You couldn't memorise any spells.
You knew the following spells:

 Your Spells              Type           Power      Damage    Failure   Level
a - Shock                 Conj/Air       80%        1d8       2%          1
b - Swiftness             Air            20%        N/A       3%          2
c - Static Discharge      Conj/Air       20%        N/A       6%          3
d - Airstrike             Air            10%        N/A       22%         4
e - Lightning Bolt        Conj/Air       10%        1d23      52%         5
f - Sting                 Tmut/Pois      80%        1d7       2%          1
Your spell library was empty.

Dungeon Overview and Level Annotations

Branches:
Dungeon (2/15)

Altars:
Ashenzari
Fedhas
Vehumet

Shops:
D:1 *


Innate Abilities, Weirdness & Mutations

You are immune to poison.
Your flesh is very heat resistant. (rF++)
You are vulnerable to cold. (rC-)
You float through the air rather than walking.
You learn spells naturally, not from books.
Your magical power is your life essence.
You have superior vitality. (+4 HP)


Message History

The jackal is struck by an arc of lightning.
You kill the jackal!
The bullfrog is struck by an arc of lightning.
You kill the bullfrog!
The lightning grounds out.
The jackal is struck by an arc of lightning!
You kill the jackal!
You are struck by an arc of lightning.
* * * LOW HITPOINT WARNING * * *
The lightning grounds out.
The orc shouts!
* * * LOW HITPOINT WARNING * * *
Your Spellcasting skill increases to level 4!
You have reached level 4!
You feel clever.
You see here a scroll labelled KOOS ZO BOARU.
Your magical contamination has completely faded away.
You hit the orc. You freeze the orc.
The orc is almost dead.
The orc closely misses you.
You barely miss the orc.
The orc is almost dead.
You hear the slow rusting of a drain nearby.
The orc hits you with a +0 hand axe.
* * * LOW HITPOINT WARNING * * *
You hit the orc but do no damage.
The orc is almost dead.
The orc hits you with a +0 hand axe.
* * * LOW HITPOINT WARNING * * *
You hit the orc but do no damage.
The orc is almost dead.
The orc closely misses you.
You hit the orc. You freeze the orc.
You kill the orc!
Casting: Static Discharge (dangerous; 6% risk of failure)
Confirm with . or Enter, or press ? or * to list all spells.
The orc is struck by an arc of lightning!
The orc is almost dead.
You are struck by an arc of lightning.
You die...

... ..# ##(# ... #.#
#..# #.# #.# #..#
###.# #.# #..# ...#
#.# #..# ####
#.#####.####..#
#...####.............#
#...........#.#####.##
#..†####.##.#@# #.#
##.# ##.##.#o# #.# #.
##...#.#.#####.# #
##.?o.o..)......#
#..?......####..#
#...####### ..# #.###
#†..# ..)..#


You could see an orc.

Vanquished Creatures
  A bullfrog (D:4)
  A worm (D:2)
  2 orcs (D:4)
  2 bats (D:1)
  3 giant cockroaches (D:1)
  2 goblins
  A hobgoblin (D:1)
  4 jackals (D:4)
  6 kobolds
  3 oozes (D:1)
  2 quokkas (D:1)
  3 ball pythons (D:1)
  3 frilled lizards
  5 rats (D:1)
38 creatures vanquished.

Notes
Turn   | Place    | Note
-------+----------+-------------------------------------------
     0 | D:1      | lunkers the Djinni Air Elementalist began the quest for the
                  | Orb.
     0 | D:1      | Reached XP level 1. HP: 15/15 MP: 0/0
   273 | D:1      | Reached skill level 3 in Spellcasting
   312 | D:1      | Reached XP level 2. HP: 17/21 MP: 0/0
   961 | D:1      | Found Cofic's Assorted Antiques.
  1126 | D:1      | Reached XP level 3. HP: 24/25 MP: 0/0
  1126 | D:1      | Learned a level 1 spell: Sting
  1821 | D:2      | Found a radiant altar of Vehumet.
  1821 | D:2      | Found a broken altar of Ashenzari.
  1822 | D:2      | Found a blossoming altar of Fedhas.
  2136 | D:2      | You are sucked into a shaft and drop 2 floors!
  2164 | D:4      | Noticed a bullfrog
  2171 | D:4      | Killed a bullfrog
  2172 | D:4      | Reached skill level 4 in Spellcasting
  2172 | D:4      | Reached XP level 4. HP: 12/31 MP: 0/0
  2189 | D:4      | Killed from afar by themself

Illustrated notes

Levels and vault maps discovered:
D:1:      psy_arrival_dodecagon, layout_loops_ring, serial_shops, shop
D:2:      layout_basic, chequers_temple_overflow_statue_of_worship,
          serial_shops, shop, shop, kennysheep_another_room, minmay_octomino_j4
D:4:      layout_loops_ring, minmay_temple_entry_arrows, gup_sewer_entry_spiral,
          uniq_duvessa, uniq_pikel

Skill      XL: |  1  2  3 |
---------------+----------+-----
Spellcasting   | 3 4 |  4.5
Fighting       | |  0.1
Dodging        | |  2.2
Stealth        | |  1.6

Action                   |  1- 3 |  4- 6 || total
-------------------------+-------+-------++-------
Melee: Short sword       |    12 |     5 ||    17
 Cast: Shock             |    48 |       ||    48
       Static Discharge  |     5 |       ||     5
       Swiftness         |     1 |       ||     1
 Stab: Sleeping          |     1 |       ||     1
Armor: Robe              |     2 |       ||     2
Dodge: Dodged            |    12 |     2 ||    14

Table legend: (Time is in decaauts)
 A = Elapsed time spent in this place.
 B = Non-inter-level travel time spent in this place.
 C = Inter-level travel time spent in this place.
 D = Time resting spent in this place.
 E = Time spent auto-exploring this place.
 F = Levels seen in this place.
 G = Mean time per level.
                   A        B        C        D        E       F      G
               +--------+--------+--------+--------+--------+-----+--------+
         Total |   2189 |   2172 |     17 |    258 |   1731 |   3 |  729.7 |
       Dungeon |   2189 |   2172 |     17 |    258 |   1731 |   3 |  729.7 |
               +--------+--------+--------+--------+--------+-----+--------+

Top non-repeatable levels by time:
     D:1: 1410 daAuts
     D:2: 725 daAuts
     D:4: 53 daAuts
